 Dungeon Crawl Stone Soup version 0.32-a0-120-gfac0567ad4 (webtiles) character file.

Game seed: 17886112251098445718

116 Atlas the Digger (level 5, -3/28 HPs)
             Began as a Gargoyle Earth Elementalist on Feb 6, 2024.
             Killed from afar by Ijyb (10 damage)
             ... with a puff of flame
             ... on level 3 of the Dungeon.
             The game lasted 00:02:43 (2840 turns).

Atlas the Digger (Gargoyle Earth Elementalist)      Turns: 2840, Time: 00:02:44

Health: -3/28      AC:  7    Str: 18    XL:     5   Next: 0%
Magic:  0/9        EV: 11    Int: 17    God:
Gold:   176        SH:  3    Dex: 10    Spells: 9/10 levels left

rFire   . . .        (no weapon)
rCold   . . .        a - +0 buckler
rNeg    + . .        e - +0 leather armour
rPois   ∞            (no helmet)
rElec   +            (no cloak)
rCorr   .            (no gloves)
SInv    .            (no boots)
Will    .....        f - amulet of faith
Stlth   ++           i - +6 ring of strength
HPRegen 0.24/turn    (no ring)
MPRegen 0.11/turn

%: faith
@: no status effects
A: sickness immunity, AC +4, negative energy resistance 1, electricity
resistance, torment resistance 1, petrification resistance
a: no special abilities


You were on level 3 of the Dungeon.
You visited 1 branch of the dungeon, and saw 3 of its levels.

You collected 176 gold pieces.

Inventory:

Armour
 a - a +0 buckler (worn)
 e - a +0 leather armour (worn)
Jewellery
 f - an amulet of faith (around neck)
 i - a +6 ring of strength (left hand)
Scrolls
 c - 2 scrolls of identify {unknown}
 d - 4 scrolls of revelation {unknown}
 j - a scroll of blinking {unknown}
 k - a scroll of silence {unknown}
Potions
 b - a potion of magic
 g - a potion of invisibility {unknown}
 h - a potion of ambrosia {unknown}


   Skills:
 + Level 0.3 Fighting
 + Level 0.7 Armour
 + Level 1.7 Dodging
 + Level 2.6 Stealth
 + Level 0.1 Shields
 + Level 0.2 Unarmed Combat
 + Level 3.0 Spellcasting
 + Level 1.4 Conjurations
 + Level 5.1 Earth Magic


You had 9 spell levels left.
You knew the following spells:

 Your Spells              Type           Power      Damage    Failure   Level
a - Sandblast             Erth           40%        2d10      3%          1

Your spell library contained the following spells:

 Spells                   Type           Power      Damage    Failure   Level
 Passwall                 Erth           20%        N/A       10%         3
 Stone Arrow              Conj/Erth      26%        3d8       22%         3
 Brom's Barrelling Bould  Conj/Erth      13%        2d4       56%         4
 Petrify                  Alch/Erth      11%        N/A       67%         4


Dungeon Overview and Level Annotations

Branches:
Dungeon (3/15)

Altars:
Okawaru
Sif Muna
Xom

Annotations:
D:3 Ijyb


Innate Abilities, Weirdness & Mutations

You are immune to sickness and miasma.
Your stone body is resilient. (AC +4)
You are immune to poison.
You resist negative energy. (rN+)
You are resistant to electric shocks. (rElec)
You are resistant to unholy torment.
You are immune to petrification.


Message History

Ijyb is heavily wounded.
The goblin hits you with a +0 dagger. Ijyb barely misses you.
The goblin hits you but does no damage. Ijyb hits you with a +0 club.
The blast of sand hits Ijyb but does no damage.
Ijyb is heavily wounded.
The goblin hits you but does no damage.
Ijyb zaps a wand.
The puff of flame hits you.
The blast of sand hits Ijyb but does no damage.
Ijyb is heavily wounded.
The goblin hits you with a +0 dagger. Ijyb hits you with a +0 club.
The goblin closely misses you. Ijyb misses you.
The blast of sand hits Ijyb!
Ijyb is almost dead.
The goblin closely misses you.
Ijyb zaps a wand.
The puff of flame hits you.
You are too injured to fight recklessly!
You are too injured to fight recklessly!
You are too injured to fight recklessly!
You are too injured to fight recklessly!
Casting: Sandblast (safe; 3% risk of failure)
Confirm with . or Enter, or press ? or * to list all spells.
Aiming: Sandblast (safe; 3% risk of failure)
Press: ? - help, Shift-Dir - straight line, f/p - Ijyb
Aim: Ijyb, wielding a +0 club, wearing a +0 leather armour and carrying a wand of flame (almost dead, 79% to hit)
The blast of sand hits Ijyb but does no damage.
Ijyb is almost dead.
You block the goblin's attack. You block Ijyb's attack.
The goblin hits you but does no damage.
Ijyb zaps a wand.
The puff of flame hits you.
Casting: Sandblast (safe; 3% risk of failure)
Confirm with . or Enter, or press ? or * to list all spells.
Aiming: Sandblast (safe; 3% risk of failure)
Press: ? - help, Shift-Dir - straight line, f/p - Ijyb
Aim: Ijyb, wielding a +0 club, wearing a +0 leather armour and carrying a wand of flame (almost dead, 79% to hit)
The blast of sand misses Ijyb.
You block the goblin's attack.
Ijyb zaps a wand.
The puff of flame hits you.
* * * LOW HITPOINT WARNING * * *
You hit Ijyb but do no damage.
Ijyb is almost dead.
Ijyb zaps a wand.
The puff of flame hits you!
You die...

#############
#...'.......#
#...'@g.....+
#...#.g.....#
#...##########
#............#
#............#
##'##.....##
#...#.....#
#...#.....#
#...#.....#


You could see Ijyb and a goblin.

Vanquished Creatures
  2 adders
  2 ribbon worms (D:3)
  2 dart slugs
  11 ball pythons
  6 bats
  8 endoplasms
  2 giant cockroaches
  15 goblins
  10 hobgoblins
  3 jackals (D:3)
  4 quokkas
  3 kobolds
  9 rats
77 creatures vanquished.

Notes
Turn   | Place    | Note
-------+----------+-------------------------------------------
     0 | D:1      | Atlas the Gargoyle Earth Elementalist began the quest for
                  | the Orb.
     0 | D:1      | Reached XP level 1. HP: 10/10 MP: 3/3
    80 | D:1      | Reached skill level 4 in Earth Magic
    81 | D:1      | Reached XP level 2. HP: 15/15 MP: 0/5
   185 | D:1      | Found a faded altar of an unknown god.
   555 | D:1      | Reached XP level 3. HP: 19/19 MP: 4/6
  1224 | D:2      | Found a shimmering altar of Xom.
  1444 | D:2      | Reached XP level 4. HP: 22/24 MP: 1/8
  2045 | D:3      | Found an iron altar of Okawaru.
  2177 | D:3      | Reached skill level 5 in Earth Magic
  2280 | D:3      | Found a shimmering blue altar of Sif Muna.
  2829 | D:3      | Noticed Ijyb
  2833 | D:3      | Reached XP level 5. HP: 28/28 MP: 6/9
  2840 | D:3      | Killed from afar by Ijyb

Illustrated notes

Levels and vault maps discovered:
D:1:      scummos_arrival_forest, layout_basic,
          hellmonk_ecumenical_altar_heavens_door
D:2:      layout_loops_ring, basic_altar, chequers_serial_rivers_small_a
D:3:      kennysheep_goblin_castle, layout_loops_ring, zin_angel,
          mainiacjoe_overflow_catch_the_wave, kennysheep_generic_room_9

Skill      XL: |  1  2  3  4 |
---------------+-------------+-----
Earth Magic    | 4 5 |  5.1
Spellcasting   | 3 |  3.0
Fighting       | |  0.3
Armour         | |  0.7
Dodging        | |  1.7
Stealth        | |  2.6
Shields        | |  0.1
Unarmed Combat | |  0.2
Conjurations   | |  1.4

Action                     |  1- 3 |  4- 6 || total
---------------------------+-------+-------++-------
  Melee: Unarmed           |     6 |     9 ||    15
   Cast: Sandblast         |    53 |    62 ||   115
 Armour: Robe              |     5 |       ||     5
         Leather armour    |    12 |    49 ||    61
  Dodge: Dodged            |    16 |    25 ||    41
  Block: Buckler           |       |     7 ||     7

Table legend: (Time is in decaauts)
 A = Elapsed time spent in this place.
 B = Non-inter-level travel time spent in this place.
 C = Inter-level travel time spent in this place.
 D = Time resting spent in this place.
 E = Time spent auto-exploring this place.
 F = Levels seen in this place.
 G = Mean time per level.
                   A        B        C        D        E       F      G
               +--------+--------+--------+--------+--------+-----+--------+
         Total |   2897 |   2805 |     92 |      0 |   2379 |   3 |  965.7 |
       Dungeon |   2897 |   2805 |     92 |      0 |   2379 |   3 |  965.7 |
               +--------+--------+--------+--------+--------+-----+--------+

Top non-repeatable levels by time:
     D:1: 1241 daAuts
     D:2: 837 daAuts
     D:3: 818 daAuts
